 Dungeon Crawl Stone Soup version 0.30-a0-760-g5a9884bb7c (webtiles) character file.

Game seed: 4834188544503968662

92 kae the Digger (level 4, -3/24 HPs)
             Began as a Gargoyle Earth Elementalist on Feb 11, 2023.
             Slain by a gnoll
             ... wielding a +0 flail
              (8 damage)
             ... on level 3 of the Dungeon.
             The game lasted 00:01:57 (1923 turns).

kae the Digger (Gargoyle Earth Elementalist)        Turns: 1923, Time: 00:01:57

Health: -3/24      AC:  5    Str: 11    XL:     4   Next: 60%
Magic:  1/9        EV: 11    Int: 18    God:
Gold:   68         SH:  0    Dex: 10    Spells: 8/9 levels left

rFire   . . .      SeeInvis .    n - +1 whip (vamp)
rCold   . . .      Faith    .    (no shield)
rNeg    + . .      Spirit   .    a - +0 robe
rPois   ∞          Reflect  .    (no helmet)
rElec   +          Harm     .    (no cloak)
rCorr   .          Rampage  .    (no gloves)
Will    .....                    (no boots)
Stlth   ++                       (no amulet)
HPRegen 0.24/turn                (no ring)
MPRegen 0.11/turn                (no ring)

@: attractive
A: sickness immunity, AC +3, negative energy resistance 1, electricity
resistance, torment resistance 1, petrification resistance
a: no special abilities


You were on level 3 of the Dungeon.
You visited 1 branch of the dungeon, and saw 3 of its levels.

You collected 68 gold pieces.


Innate Abilities, Weirdness & Mutations

You are immune to sickness and miasma.
Your stone body is resilient. (AC +3)
You are immune to poison.
You resist negative energy. (rN+)
You are resistant to electric shocks. (rElec)
You are resistant to unholy torment.
You are immune to petrification.


   Skills:
 - Level 1.5 Dodging
 - Level 2.1 Stealth
 + Level 3.3 Spellcasting
 - Level 0.7 Transmutations
 + Level 5.1 Earth Magic


You had 8 spell levels left.
You knew the following spells:

 Your Spells              Type           Power      Damage    Failure   Level
a - Sandblast             Erth           42%        2d11      1%          1

Your spell library contained the following spells:

 Spells                   Type           Power      Damage    Failure   Level
 Passwall                 Tmut/Erth      10%        N/A       7%          2
 Foxfire                  Conj/Fire      12%        2x1d4     16%         1
 Stone Arrow              Conj/Erth      24%        3d8       17%         3
 Petrify                  Tmut/Erth      13%        N/A       43%         4
 Fireball                 Conj/Fire      1%         3d3       99%         5
 Starburst                Conj/Fire      1%         6d3       100%        6

Inventory:

Hand Weapons
 n - a +1 vampiric whip (weapon)
   (You found it on level 2 of the Dungeon)
Missiles
 c - 16 stones
 f - 2 javelins
 i - 4 atropa-tipped darts
Armour
 a - a +0 robe (worn)
Magical Staves
 o - a staff of poison {!a}
   (You took it off a hobgoblin on level 2 of the Dungeon)
Scrolls
 l - a scroll of vulnerability {!r!r}
Potions
 b - a potion of magic
 d - a potion of might
 e - a potion of flight {unknown}
 h - a potion of attraction {!q}
 j - a potion of mutation {unknown}
 k - a potion of heal wounds {unknown}

Dungeon Overview and Level Annotations

Branches:
Dungeon (3/15) Zot: 16046

Altars:

#.# ##.#...#.###
#..
####.#≈#.#≈#...
##.
#..†..#...#..## #
#.#.#...#...#.#..
....#≈#)#≈#.#≈#.#
...##§.#...#...#..
#. #.#...#.).#.. #
..#≈#.#≈#.#≈#.#
#..#...#.)@#...
##...#...#.gg#.
#..#≈#.#≈#.#§#
#.#.#...#... .#
#.....#. .#.. #
###.#≈ #.. ##.#
..# ## ...


You could see 2 gnolls.


Message History

Press: ? - help, Shift-Dir - straight line, f - hobgoblin
Aim: a hobgoblin, wielding a +0 dagger and wearing a +0 robe (83% to hit)
The blast of sand hits the hobgoblin. 😎 MP[-1]
You lost 1 mp, and now have 4/8 mp.
A hobgoblin is nearby!
Casting: Sandblast (safe; 1% risk of failure)
Confirm with . or Enter, or press ? or * to list all spells.
Aiming: Sandblast (safe; 1% risk of failure)
Press: ? - help, Shift-Dir - straight line, f/p - hobgoblin
Aim: a hobgoblin, wielding a +0 dagger and wearing a +0 robe (moderately wounded, 83% to hit)
You miscast Sandblast.
You are very lightly contaminated with residual magic.
Nothing appears to happen. 😎 MP[-1]
You lost 1 mp, and now have 3/8 mp.
Casting: Sandblast (safe; 1% risk of failure)
Confirm with . or Enter, or press ? or * to list all spells.
Aiming: Sandblast (safe; 1% risk of failure)
Press: ? - help, Shift-Dir - straight line, f/p - hobgoblin
Aim: a hobgoblin, wielding a +0 dagger and wearing a +0 robe (moderately wounded, 83% to hit)
The blast of sand hits the hobgoblin.
You kill the hobgoblin!
Casting: Sandblast (safe; 1% risk of failure)
Confirm with . or Enter, or press ? or * to list all spells.
You can't see any susceptible monsters within range! (Use Z to cast anyway.)
Your magical contamination has completely faded away.
A kobold comes into view.
It is wielding a +3 short sword and quivering poisoned darts. 😎 MP[+1]
A kobold is nearby!
The kobold shouts!
You hear an angry hiss.
You hear a shout! 😎 MP[+1]
Casting: Sandblast (safe; 1% risk of failure)
Confirm with . or Enter, or press ? or * to list all spells.
Aiming: Sandblast (safe; 1% risk of failure)
Press: ? - help, Shift-Dir - straight line, f - kobold
Aim: a kobold, wielding a +3 short sword and quivering poisoned darts (79% to hit)
The blast of sand hits the kobold!
You kill the kobold!
An adder comes into view. 😎 MP[-1]
You lost 1 mp, and now have 4/8 mp.
Casting: Sandblast (safe; 1% risk of failure)
Confirm with . or Enter, or press ? or * to list all spells.
You can't see any susceptible monsters within range! (Use Z to cast anyway.)
Casting: Sandblast (safe; 1% risk of failure)
Confirm with . or Enter, or press ? or * to list all spells.
You can't see any susceptible monsters within range! (Use Z to cast anyway.)
An adder is nearby!
Casting: Sandblast (safe; 1% risk of failure)
Confirm with . or Enter, or press ? or * to list all spells.
Aiming: Sandblast (safe; 1% risk of failure)
Press: ? - help, Shift-Dir - straight line, f - adder
Aim: an adder (wandering, hasn't noticed you, 72% to hit)
The blast of sand misses the adder.
The adder hisses angrily.
A gnoll comes into view. It is wielding a +0 spear.
The adder barely misses you. The gnoll barely misses you. 😎 MP[-1]
You lost 1 mp, and now have 3/8 mp.
Casting: Sandblast (safe; 1% risk of failure)
Confirm with . or Enter, or press ? or * to list all spells.
Aiming: Sandblast (safe; 1% risk of failure)
Press: ? - help, Shift-Dir - straight line, f/p - adder
Aim: an adder (72% to hit)
The blast of sand hits the adder.
The adder bites you but does no damage. The adder misses you.
The gnoll hits you from afar with a +0 spear. 😕 HP[-3] MP[-1]
You take 3 damage, and now have 21/24 hp.
You lost 1 mp, and now have 2/8 mp.
Casting: Sandblast (safe; 1% risk of failure)
Confirm with . or Enter, or press ? or * to list all spells.
Aiming: Sandblast (safe; 1% risk of failure)
Press: ? - help, Shift-Dir - straight line, f/p - adder
Aim: an adder (moderately wounded, 72% to hit)
The blast of sand hits the adder!
You kill the adder!
The gnoll hits you from afar with a +0 spear!
The gnoll hits you with a +0 flail!
* * * LOW HITPOINT WARNING * * *
The gnoll misses you. 😨 HP[-14] MP[-1]
You take 14 damage, and now have 7/24 hp.
MASSIVE DAMAGE!! (PAUSE)
Casting: Sandblast (safe; 1% risk of failure)
Confirm with . or Enter, or press ? or * to list all spells.
Aiming: Sandblast (safe; 1% risk of failure)
Press: ? - help, Shift-Dir - straight line, f - gnoll
Aim: a gnoll, wielding a +0 flail (85% to hit)
The blast of sand hits the gnoll!
The gnoll hits you with a +0 flail.
* * * LOW HITPOINT WARNING * * *
The gnoll closely misses you. 😱 HP[-2]
You take 2 damage, and now have 5/24 hp.
Unknown command.
It was a potion of attraction.
You feel attractive to monsters. The gnoll hits you with a +0 flail!
You die...

Skill      XL: |  1  2  3  4 |
---------------+-------------+-----
Earth Magic    | 4 5 |  5.1
Spellcasting   | 3 |  3.3
Dodging        | |  1.5
Stealth        | |  2.1
Transmutations | |  0.7

Action                     |  1- 3 |  4- 6 || total
---------------------------+-------+-------++-------
  Melee: Unarmed           |     5 |       ||     5
   Cast: Sandblast         |    41 |    19 ||    60
    Use: Scroll            |     1 |     3 ||     4
         Potion            |       |     1 ||     1
 Armour: Robe              |     1 |     1 ||     2
  Dodge: Dodged            |     7 |     5 ||    12

Levels and vault maps discovered:
D:1:      minmay_arrival_four_loops, layout_basic
D:2:      layout_basic
D:3:      layout_basic, kennysheep_doodads, uniq_crazy_yiuf_cottage

Notes
Turn   | Place    | Note
-------+----------+-------------------------------------------
     0 | D:1      | kae the Gargoyle Earth Elementalist began the quest for the
                  | Orb.
     0 | D:1      | Reached XP level 1. HP: 10/10 MP: 3/3
     0 | D:1      | magus.rc [v1.11.3]
   354 | D:1      | Reached XP level 2. HP: 15/15 MP: 1/5
   547 | D:1      | Reached skill level 4 in Earth Magic
   938 | D:2      | Reached XP level 3. HP: 12/19 MP: 0/6
  1310 | D:2      | You pick up a book of Fire and begin reading...
  1310 | D:2      | You add the spells Foxfire, Fireball and Starburst to your
                  | library.
  1359 | D:2      | Reached skill level 3 in Spellcasting
  1605 | D:2      | Reached XP level 4. HP: 24/24 MP: 5/8
  1814 | D:3      | Reached skill level 5 in Earth Magic
  1922 | D:3      | HP: 5/24 [gnoll/+0 flail (2)]
  1923 | D:3      | Slain by a gnoll

Vanquished Creatures
  4 adders
  3 worms (D:2)
  2 dart slugs
  An orc (D:3)
  3 ball pythons
  4 bats
  5 endoplasms
  2 goblins
  5 hobgoblins
  A quokka (D:1)
  2 frilled lizards (D:3)
  6 kobolds
  A rat (D:2)
39 creatures vanquished.

Table legend:
 A = Non-vault XP
 B = Vault XP
 C = Vault XP percentage of total XP
 D = Non-vault monster count
 E = Vault monster count
 F = Vault count percentage of total count
                 A         B        C        D         E       F
            +---------+---------+-------+---------+---------+-------
      Total |     132 |       0 |   0.0 |      39 |       0 |   0.0
            +---------+---------+-------+---------+---------+-------
        D:1 |      11 |       0 |   0.0 |       6 |       0 |   0.0
        D:2 |      84 |       0 |   0.0 |      20 |       0 |   0.0
        D:3 |      37 |       0 |   0.0 |      13 |       0 |   0.0
            +---------+---------+-------+---------+---------+-------

Illustrated notes

Table legend:
 A = Kills in this place as a percentage of kills in entire the game.
 B = Kills by you in this place as a percentage of kills by you in the entire game.
 C = Kills by friends in this place as a percentage of kills by friends in the entire game.
 D = Other kills in this place as a percentage of other kills in the entire game.
 E = Experience gained in this place as a percentage of experience gained in the entire game.
 F = Experience gained in this place divided by the number of levels of this place that you have seen.
                   A       B       C       D       E      F
               +-------+-------+-------+-------+-------+----------------------
         Total | 100.0 | 100.0 |   N/A |   N/A | 100.0 |  44.0
       Dungeon | 100.0 | 100.0 |   N/A |   N/A | 100.0 |  44.0
               +-------+-------+-------+-------+-------+----------------------

Table legend: (Time is in decaauts)
 A = Elapsed time spent in this place.
 B = Non-inter-level travel time spent in this place.
 C = Inter-level travel time spent in this place.
 D = Time resting spent in this place.
 E = Time spent auto-exploring this place.
 F = Levels seen in this place.
 G = Mean time per level.
                   A        B        C        D        E       F      G
               +--------+--------+--------+--------+--------+-----+--------+
         Total |   1952 |   1896 |     56 |     20 |   1650 |   3 |  650.7 |
       Dungeon |   1952 |   1896 |     56 |     20 |   1650 |   3 |  650.7 |
               +--------+--------+--------+--------+--------+-----+--------+

Top non-repeatable levels by time:
     D:1: 903 daAuts
     D:2: 797 daAuts
     D:3: 251 daAuts
